 Dungeon Crawl Stone Soup version 0.28-a0-983-g1de4e0787c (webtiles) character file.

Game seed: 16561826615348961782

128683 Redcow54321 the Brawler (level 16, -6/185 HPs)
             Began as a Troll Fighter on Dec 2, 2021.
             Killed from afar by a hell knight (20 damage)
             ... with a bolt of fire
             ... on level 1 of the Depths.
             The game lasted 01:15:09 (22887 turns).

Redcow54321 the Brawler (Troll Fighter)            Turns: 22887, Time: 01:15:10

Health: -6/185     AC: 27    Str: 34    XL:     16   Next: 49%
Magic:  15/15      EV: 14    Int:  4    God:
Gold:   1383       SH:  5    Dex:  9    Spells: 15/15 levels left

rFire   + . .      SeeInvis .     - Unarmed
rCold   + . .      Faith    .   (no shield)
rNeg    . . .      Spirit   .   S - +1 gold dragon scales
rPois   +          Reflect  +   m - +0 hat
rElec   .          Harm     .   M - scarf {shadows}
rCorr   .          Rampage  .   (gloves unavailable)
Will    +....      Rage     1%  (boots unavailable)
Stlth   ..........              K - amulet of reflection
HPRegen 1.20/turn               v - ring of the Hare {EV+8}
MPRegen 0.14/turn               O - +4 ring of protection

@: on berserk cooldown, slowed, very slow
A: large, unfitting armour, claws 3, regeneration 1, shaggy fur 1, tough skin 1,
berserk 1, robust 1
a: no special abilities


You were on level 1 of the Depths.
You visited 5 branches of the dungeon, and saw 24 of its levels.
You also visited: Bailey.

You collected 2183 gold pieces.
You spent 800 gold pieces at shops.

Inventory:

Missiles
 d - a throwing net (quivered)
Armour
 m - a +0 hat (worn)
 M - a scarf of shadows (worn)
 S - +1 gold dragon scales (worn)
Magical Staves
 F - a staff of poison
 G - a staff of poison
Jewellery
 v - the ring of the Hare (left claw) {EV+8}
   (You took it off Grum on level 8 of the Dungeon)

   [ring of evasion]

   EV:        It affects your evasion (+8).
 y - a ring of see invisible
 z - a +4 ring of evasion
 K - an amulet of reflection (around neck)
 O - a +4 ring of protection (right claw)
 R - a ring of willpower
 T - a +4 ring of evasion
Wands
 s - a wand of flame (39)
 J - a wand of mindburst (3)
 Q - a wand of iceblast (8)
 V - a wand of paralysis (6)
Scrolls
 e - a scroll of blinking
 f - 3 scrolls of amnesia
 g - a scroll of acquirement {unknown}
 h - 3 scrolls of immolation
 i - 7 scrolls of teleportation
 p - 6 scrolls of fog
 u - 3 scrolls of enchant weapon {unknown}
 w - 3 scrolls of holy word
 x - 4 scrolls of identify
 D - 4 scrolls of vulnerability {unknown}
 H - 3 scrolls of torment
 I - a scroll of fear {unknown}
 L - a scroll of summoning {unknown}
 N - 2 scrolls of magic mapping
 P - 4 scrolls of brand weapon {unknown}
Potions
 a - 2 potions of haste
 j - 9 potions of curing
 k - 7 potions of brilliance
 l - 11 potions of ambrosia
 n - 4 potions of cancellation
 o - a potion of invisibility
 q - a potion of magic {unknown}
 r - 2 potions of flight
 t - 4 potions of berserk rage
 A - 3 potions of attraction
Miscellaneous
 c - a piece from Xom's chessboard (15/15)
 B - a tin of tremorstones (2/2)
 C - a phantom mirror
 E - a condenser vane


   Skills:
 * Level 13.1 Fighting
 + Level 0.1 Short Blades
 + Level 0.1 Long Blades
 + Level 0.4 Axes
 - Level 0.1(0.3) Maces & Flails
 - Level 0.1(0.2) Polearms
 + Level 0.1 Bows
 + Level 0.1 Throwing
 + Level 16.2 Armour
 - Level 3.7 Dodging
 - Level 2.4 Shields
 - Level 17.5 Unarmed Combat
 + Level 0.1 Hexes
 + Level 0.1 Necromancy
 + Level 0.2 Translocations
 + Level 0.2 Transmutations
 + Level 0.3 Earth Magic
 + Level 0.1 Poison Magic
 + Level 0.1 Invocations


You had 15 spell levels left.
You didn't know any spells.
Your spell library contained the following spells:

 Spells                   Type           Power      Damage    Failure   Level
 Beastly Appendage        Tmut           0%         N/A       99%         1
 Foxfire                  Conj/Fire      0%         2x1d4     99%         1
 Magic Dart               Conj           0%         1d3       99%         1
 Call Imp                 Summ           0%         N/A       100%        2
 Ensorcelled Hibernation  Hex/Ice        0%         N/A       100%        2
 Poisonous Vapours        Pois/Air       0%         N/A       100%        2
 Static Discharge         Conj/Air       0%         N/A       100%        2
 Sublimation of Blood     Necr           0%         N/A       100%        2
 Wereblood                Tmut           0%         N/A       100%        2
 Call Canine Familiar     Summ           0%         N/A       100%        3
 Conjure Flame            Conj/Fire      0%         6-21      100%        3
 Inner Flame              Hex/Fire       0%         N/A       100%        3
 Mephitic Cloud           Conj/Pois/Air  0%         N/A       100%        3
 Portal Projectile        Hex/Tloc       0%         N/A       100%        3
 Spider Form              Tmut/Pois      0%         N/A       100%        3
 Tukima's Dance           Hex            0%         N/A       100%        3
 Dispel Undead            Necr           0%         3d6       100%        4
 Flame Wave               Conj/Fire      0%         2d4       100%        4
 Leda's Liquefaction      Hex/Erth       0%         N/A       100%        4
 Sticky Flame             Conj/Fire      0%         2d3       100%        4
 Silence                  Hex/Air        0%         N/A       100%        5
 Summon Hydra             Summ           0%         N/A       100%        7
 Discord                  Hex            0%         N/A       100%        8
 Lehudib's Crystal Spear  Conj/Erth      0%         10d2      100%        8
 Necromutation            Tmut/Necr      0%         N/A       100%        8


Dungeon Overview and Level Annotations

Branches:
Dungeon (15/15)            Temple (0/1) D:6            Lair (6/6) D:8
 Shoals (1/4) Lair:2       Spider (0/4) Lair:2        Slime (1/5) Lair:6
    Orc (0/2) D:11         Vaults (0/5) D:13         Depths (1/4) D:15
 Bailey (visited)

Altars:
Cheibriados
Dithmenos
Elyvilon
Sif Muna
Vehumet
The Shining One

Shops:
D:6 *   D:15 [

Portals:
Hell: Depths:1


Innate Abilities, Weirdness & Mutations

You are too large for most types of armour.
You have claws for hands.
Your natural rate of healing is unusually fast.
You are covered in fur. (AC +1)
You have tough skin. (AC +1)
You tend to lose your temper in combat.
You are robust. (+10% HP)


Message History

* * * LOW HITPOINT WARNING * * *
The white ugly thing freezes you! You resist.
* * * LOW HITPOINT WARNING * * *
The hell knight hits you but does no damage.
You feel much better.
The hell knight hits you but does no damage.
The white ugly thing barely misses you.
The hell knight hits you but does no damage.
The white ugly thing misses you.
You mangle the white ugly thing!! Your claw misses the white ugly thing.
The white ugly thing is almost dead.
The hell knight misses you.
You block the white ugly thing's attack.
You eviscerate the white ugly thing!!!
You kill the white ugly thing!
The hell knight hits you from afar with a +0 glaive!
* * * LOW HITPOINT WARNING * * *
You block the hell knight's attack.
The hell knight hits you but does no damage. x2
Items here: )) [[ ††††.
You claw the hell knight!
The hell knight is moderately wounded.
The hell knight points at you and mumbles some strange words.
The bolt of fire hits you! You resist.
* * * LOW HITPOINT WARNING * * *
You scratch the hell knight.
The hell knight is moderately wounded.
The hell knight closely misses you.
The hell knight hits you with a +0 glaive!
* * * LOW HITPOINT WARNING * * *
You eviscerate the hell knight!!!
The hell knight is almost dead.
The hell knight hits you with a +0 glaive!
* * * LOW HITPOINT WARNING * * *
Blink to where?
Press: ? - help, Dir - move target
As you read the scroll of blinking, it crumbles to dust.
The hell knight casts a spell at you. The bolt of fire hits you!! You resist.
You die...

...........#.#
.....[)....#(#
.###+#........#.####
#.....#........+....#
.....##.)..####....#
#.....#....#.......##
#.....#..###........#
#+#.....##.#.#####'#.##
+.......@#+#...'...###
#........#>....##....#
######....#......######
.....###..#......#...#
......))..'.....##...#
......§####[....#....#
.....[p...##....#....#
...........#....#....#
...........###..'....##


You could see a hell knight (fast).

Vanquished Creatures
  Rupert (Lair:5)
  Gastronok (D:10)
  An azure jelly (Lair:6)
  A fire giant (Depths:1)
  A frost giant (Depths:1)
  A stone giant (Depths:1)
  An entropy weaver (shapeshifter) (D:8)
  A dire elephant (Lair:6)
  2 merfolk impalers (Shoals:1)
  2 jiangshi (Depths:1)
  Josephine (D:9)
  A vault guard (D:13)
  5 boulder beetles
  7 hydras
  A spriggan air mage (Depths:1)
  2 ogre magi
  7 centaur warriors
  4 catoblepae
  8 two-headed ogres
  4 death yaks (Lair:6)
  A deep troll shaman (Depths:1)
  The ghost of siradein the Unspoiled, a novice DsFi of Qazlal (D:10)
  2 tengu warriors
  A vampire mage (Depths:1)
  5 hell knights (Depths:1)
  Urug (Lair:5)
  Sonja (Lair:6)
  A spriggan berserker (Depths:1)
  A spriggan (Depths:1)
  An iron troll (Depths:1)
  4 deep trolls (Depths:1)
  5 sea snakes (Shoals:1)
  A lindwurm (Lair:6)
  2 wizards
  A necromancer (D:15)
  An oklob plant (Lair:3)
  2 orc sorcerers (D:10)
  A wolf spider (D:13)
  An orc knight (Bailey)
  3 fauns (Shoals:1)
  9 manticores
  8 cyclopes
  23 ugly things
  2 deep elf pyromancers
  3 merfolk sirens (Shoals:1)
  3 black mambas (Lair:6)
  A guardian serpent (shapeshifter) (D:10)
  A naga mage (D:15)
  2 gargoyles (D:13)
  3 centaur zombies
  6 torpor snails (Lair:6)
  19 cane toads
  Maggie (D:8)
  4 kobold demonologists
  9 rime drakes
  7 komodo dragons
  2 freezing wraiths
  A tengu conjurer (D:14)
  2 efreet
  A queen bee (Lair:1)
  A troll (shapeshifter) (D:10)
  2 trolls
  11 merfolk (Shoals:1)
  3 meliai (D:15)
  2 hornets
  3 polar bears
  A raiju (shapeshifter) (D:13)
  A blink frog (shapeshifter) (D:10)
  21 dream sheep
  34 blink frogs
  7 slime creatures
  A snapping turtle (Lair:2)
  2 vampires
  2 redbacks (Lair:2)
  10 wyverns
  A water elemental (D:14)
  10 wraiths
  57 yaks
  4 hogs (D:8)
  2 steam dragons
  3 vampire mosquitoes (D:12)
  The ghost of a11behringer the Chopper, an amateur FoFi (D:3)
  8 basilisks
  A neqoxec (D:10)
  A human (D:8)
  Grum (D:8)
  2 acid dragons
  11 water moccasins
  A floating eye (shapeshifter) (D:10)
  8 orc warriors
  An ice beast (D:7)
  4 black bears
  2 necrophages (D:5)
  7 ogres
  8 wolves
  8 centaurs
  5 phantoms
  17 bullfrogs
  A kobold brigand (D:8)
  A gnoll sergeant (D:13)
  A scorpion (D:6)
  3 wyvern zombies
  2 wyvern skeletons (D:7)
  A water moccasin zombie (D:6)
  9 wights
  28 killer bees
  A troll zombie (D:11)
  3 electric eels
  15 howler monkeys
  3 bullfrog zombies
  2 gnoll shamans (D:8)
  3 hounds
  4 orc priests
  A bullfrog skeleton (D:7)
  3 jellies
  Crazy Yiuf (D:7)
  5 centaur skeletons
  Jessica (D:3)
  Natasha (thrice) (D:2)
  Ijyb (D:5)
  8 hell rats
  An iguana (D:5)
  5 orc wizards
  5 ogre zombies (D:11)
  A hound skeleton (D:4)
  11 gnolls
  12 adders
  2 hound simulacra (D:3)
  A shadow imp (D:6)
  2 white imps
  3 worms
  3 dart slugs
  2 adder simulacra (D:3)
  44 orcs
  7 endoplasms
  5 giant cockroaches
  6 goblins
  3 hobgoblins
  A quokka (D:4)
  5 ball pythons
  A ball python simulacrum (D:3)
  9 bats
  6 frilled lizards
  4 goblin zombies (D:11)
  2 hobgoblin skeletons (D:11)
  8 kobolds
  An orc skeleton (D:11)
  12 orc zombies (D:11)
  5 rats
  A bush (Lair:3)
727 creatures vanquished.

Vanquished Creatures (others)
  A wizard (D:15)
  A howler monkey (D:10)
  A white imp (D:5)
  29 fungi
  66 plants
98 creatures vanquished.

Grand Total: 825 creatures vanquished

Notes
Turn   | Place    | Note
-------+----------+-------------------------------------------
     0 | D:1      | Redcow54321 the Troll Fighter began the quest for the Orb.
     0 | D:1      | Reached XP level 1. HP: 22/22 MP: 0/0
   127 | D:1      | Reached XP level 2. HP: 29/29 MP: 1/1
   165 | D:1      | Reached skill level 3 in Unarmed Combat
   593 | D:2      | Reached XP level 3. HP: 36/36 MP: 2/2
   724 | D:2      | Noticed Natasha
   735 | D:2      | Killed Natasha
   736 | D:2      | Reached skill level 4 in Unarmed Combat
   736 | D:2      | Reached XP level 4. HP: 27/44 MP: 3/3
   836 | D:2      | Noticed Natasha
   840 | D:2      | Killed Natasha
  1083 | D:2      | Noticed Natasha
  1088 | D:2      | Killed Natasha
  1089 | D:2      | Reached skill level 5 in Unarmed Combat
  1089 | D:2      | Reached XP level 5. HP: 50/50 MP: 4/4
  1460 | D:3      | Found a runed translucent gate.
  1460 | D:3      | Found a runed translucent gate.
  1460 | D:3      | Found a runed translucent gate.
  1496 | D:3      | Noticed a11behringer's ghost (amateur FoFi)
  1515 | D:3      | Killed a11behringer's ghost
  1516 | D:3      | Reached skill level 6 in Unarmed Combat
  1516 | D:3      | Reached XP level 6. HP: 28/59 MP: 5/5
  1741 | D:3      | Reached skill level 7 in Unarmed Combat
  1842 | D:3      | Noticed Jessica
  1850 | D:3      | Killed Jessica
  2305 | D:4      | Reached XP level 7. HP: 66/66 MP: 6/6
  2523 | D:4      | Reached skill level 8 in Unarmed Combat
  2876 | D:4      | Found a shadowy altar of Dithmenos.
  2981 | D:4      | Gained mutation: You have a pair of small horns on your
                  | head. [potion of mutation]
  2981 | D:4      | Gained mutation: You have an increased reservoir of magic.
                  | (+10% MP) [potion of mutation]
  2981 | D:4      | Gained mutation: You are partially covered in iridescent
                  | scales. (AC +2) [potion of mutation]
  3006 | D:5      | Entered Level 5 of the Dungeon
  3031 | D:4      | Reached skill level 9 in Unarmed Combat
  3126 | D:5      | Reached XP level 8. HP: 67/74 MP: 7/7
  3196 | D:4      | Reached skill level 10 in Unarmed Combat
  3350 | D:5      | Reached skill level 11 in Unarmed Combat
  3686 | D:5      | Noticed Ijyb
  3690 | D:5      | Killed Ijyb
  3716 | D:5      | Reached XP level 9. HP: 80/80 MP: 8/8
  3723 | D:5      | Reached skill level 12 in Unarmed Combat
  4601 | D:6      | Found a staircase to the Ecumenical Temple.
  4601 | D:6      | Found Ofisu's General Store.
  4731 | D:6      | Identified the +6 leather armour "Ofaclon" {-Tele Dex+6}
  5299 | D:7      | Found a runed translucent door.
  5300 | D:7      | Noticed Crazy Yiuf
  5306 | D:7      | Killed Crazy Yiuf
  5422 | D:7      | Reached skill level 13 in Unarmed Combat
  5786 | D:8      | Noticed Maggie
  5797 | D:8      | Killed Maggie
  5798 | D:8      | Reached skill level 14 in Unarmed Combat
  5890 | D:8      | Reached skill level 1 in Armour
  5923 | D:8      | Reached XP level 10. HP: 33/70 MP: 10/10
  6220 | D:8      | Found a staircase to the Lair.
  6361 | D:8      | Noticed an entropy weaver
  6375 | D:8      | Killed an entropy weaver
  6552 | D:8      | Noticed a manticore
  6552 | D:8      | Noticed a centaur warrior
  6552 | D:8      | Noticed Grum
  6553 | D:8      | Noticed a cyclops
  6563 | D:8      | Killed a centaur warrior
  6564 | D:8      | Reached skill level 5 in Armour
  6582 | D:8      | Killed a cyclops
  6609 | D:8      | Killed a manticore
  6622 | D:8      | Noticed a cyclops
  6632 | D:8      | HP: 3/91 [Grum (17)]
  6703 | D:8      | Killed Grum
  6916 | D:8      | Killed a cyclops
  6917 | D:8      | Reached XP level 11. HP: 51/98 MP: 11/11
  7223 | Lair:1   | Entered Level 1 of the Lair of Beasts
  7338 | Lair:1   | Found a gate leading to a gauntlet.
  8225 | Lair:2   | Reached skill level 5 in Fighting
  8279 | Lair:2   | Reached skill level 10 in Armour
  8480 | Lair:2   | Reached XP level 12. HP: 111/111 MP: 12/12
  8747 | Lair:2   | Found a hole to the Spider Nest.
  8909 | Lair:2   | Found a staircase to the Shoals.
  9121 | Shoals:1 | Entered Level 1 of the Shoals
  9363 | D:9      | Noticed a two-headed ogre
  9372 | D:9      | Killed a two-headed ogre
  9658 | D:9      | Found a flagged portal.
  9676 | Bailey   | Entered a bailey
 10421 | D:10     | Entered Level 10 of the Dungeon
 10631 | D:10     | Got the Compendium of Ashen Ignition
 10710 | D:10     | Found a runed translucent gate.
 10798 | D:10     | Reached skill level 15 in Unarmed Combat
 10933 | D:10     | Noticed Josephine
 10950 | D:9      | Killed Josephine
 11032 | D:10     | Found a runed translucent gate.
 11032 | D:10     | Found a runed translucent gate.
 11112 | D:10     | Noticed Gastronok
 11122 | D:10     | Killed Gastronok
 11330 | D:10     | Reached XP level 13. HP: 49/123 MP: 13/13
 11433 | D:10     | Found a runed translucent gate.
 11433 | D:10     | Found a runed translucent gate.
 11435 | D:10     | Found a runed translucent gate.
 11435 | D:10     | Noticed siradein's ghost (novice DsFi)
 11456 | D:10     | Paralysed by a floating eye for 2 turns
 11480 | D:10     | Killed siradein's ghost
 11783 | D:11     | Found a staircase to the Orcish Mines.
 12338 | D:11     | Got Evia's Almanac of Ghastly Execration
 13038 | D:6      | Bought +0 gold dragon scales for 800 gold pieces
 13444 | D:12     | Found a glowing golden altar of the Shining One.
 13769 | D:12     | Reached skill level 10 in Fighting
 14344 | Lair:3   | Identified the amulet "Seafri" {Faith rPois}
 15146 | Lair:4   | Reached XP level 14. HP: 120/144 MP: 14/14
 16070 | Lair:5   | Noticed Urug
 16077 | Lair:5   | Killed Urug
 16177 | Lair:5   | Noticed Rupert
 16197 | Lair:5   | Killed Rupert
 16547 | Lair:6   | Entered Level 6 of the Lair of Beasts
 17016 | Lair:6   | Reached skill level 16 in Unarmed Combat
 17016 | Lair:6   | Lost mutation: You have an increased reservoir of magic.
                  | (+10% MP) [potion of mutation]
 17016 | Lair:6   | Lost mutation: You are partially covered in iridescent
                  | scales. (AC +2) [potion of mutation]
 17016 | Lair:6   | Gained mutation: You are clumsy. (Dex -2) [potion of
                  | mutation]
 17016 | Lair:6   | Gained mutation: You are strong-willed. (Will+) [potion of
                  | mutation]
 17016 | Lair:6   | Lost mutation: You have a pair of small horns on your head.
                  | [potion of mutation]
 17269 | Lair:6   | Found a staircase to the Slime Pits.
 17348 | Lair:6   | Noticed Sonja
 17371 | Lair:6   | Reached skill level 17 in Unarmed Combat
 17377 | Lair:6   | HP: 16/328 [yak (3)]
 17380 | Lair:6   | HP: 4/219 [hell rat (6)]
 17386 | Lair:6   | HP: 3/144 [something/blast of calcifying dust (6)]
 17585 | Lair:6   | Reached XP level 15. HP: 137/153 MP: 14/14
 17616 | Lair:6   | Killed Sonja
 17721 | Lair:6   | Found a snail-covered altar of Cheibriados.
 18284 | Slime:1  | Entered Level 1 of the Pits of Slime
 18293 | Slime:1  | Noticed an azure jelly
 18327 | Lair:6   | Killed an azure jelly
 19786 | D:13     | Lost mutation: You are clumsy. (Dex -2) [potion of
                  | mutation]
 19786 | D:13     | Lost mutation: You are strong-willed. (Will+) [potion of
                  | mutation]
 19786 | D:13     | Gained mutation: You tend to lose your temper in combat.
                  | [potion of mutation]
 19786 | D:13     | Gained mutation: You are robust. (+10% HP) [potion of
                  | mutation]
 19810 | D:13     | Got Sif Muna's Guide on Weightlessness
 20286 | D:13     | Found a gate to the Vaults.
 20510 | D:14     | Found a radiant altar of Vehumet.
 20824 | D:14     | Reached skill level 15 in Armour
 21161 | D:15     | Entered Level 15 of the Dungeon
 21220 | D:15     | Found Hurueshu's Antique Armour Shoppe.
 21371 | D:15     | Reached XP level 16. HP: 167/183 MP: 15/15
 21396 | D:15     | Found a staircase to the Depths.
 21646 | D:15     | Found a white marble altar of Elyvilon.
 21947 | D:15     | Paralysed by something for 4 turns
 22156 | D:15     | Found a shimmering blue altar of Sif Muna.
 22224 | Depths:1 | Entered Level 1 of the Depths
 22620 | Depths:1 | Found a gateway to Hell.
 22774 | Depths:1 | Identified the +6 battleaxe of Brawling {vorpal, rC+}
 22887 | Depths:1 | Killed from afar by a hell knight

Illustrated notes

Levels and vault maps discovered:
D:1:      dpeg_arrival_simpleton_c, layout_loops_ring
D:2:      layout_basic, uniq_natasha
D:3:      layout_loops_ring, gammafunk_ghost_icy, uniq_jessica
D:4:      layout_basic, marbit_many_paths
D:5:      cheibrodos_fzero, layout_loops_corners, serial_glass, glass_columns_b,
          glass_columns_a, uniq_ijyb
D:6:      layout_basic, minmay_temple_entry_mist, serial_shops, shop_fountains,
          item_on_display_a
D:7:      layout_cave_pools, uniq_crazy_yiuf_cottage
D:8:      minmay_the_grid_square_5x5_3x3 [minmay_the_grid_square_5x5_forky,
          minmay_the_grid_square_5x5_minibox,
          minmay_the_grid_square_5x5_eight_small,
          minmay_the_grid_square_5x5_comb,
          minmay_the_grid_square_5x5_megaprize_diamond,
          minmay_the_grid_square_5x5_shrine2, minmay_the_grid_square_5x5_tie,
          minmay_the_grid_square_5x5_two_small,
          minmay_the_grid_square_5x5_tetrominoes], layout_rooms,
          dpeg_oklobed_lair, minivault_21, grunt_livestock,
          chequers_hall_statues_y, supply_closet_lemuel, uniq_maggie, uniq_grum
D:9:      layout_irregular_city, enter_bailey_7
D:10:     cheibrodos_wizards_tower, layout_long_grid,
          ploomutoo_gammafunk_ghost_potion_laboratory, uniq_josephine,
          uniq_gastronok
D:11:     layout_basic, zombieorc1_lemuel
D:12:     layout_basic, minmay_misc_feat_square, tso_metal_star
D:13:     minmay_cut_squares, layout_gridville, david_vaults_5
D:14:     layout_basic, kennysheep_flooded_box, minmay_misc_feat_enclosed
D:15:     grunt_enter_depths_magical_seal, layout_irregular_city, serial_shops,
          nicolae_shop_waterfront, led_sif_pool, elyvilon_altar_4
Lair:1:   layout_roguey, special_room [special_room_bee],
          gauntlet_entry_generic, st_stairs_13
Lair:2:   layout_loops_ring, minmay_shoals_entry_hut, spider_nest_entry_webs,
          lemuel_fruit_fields, infiniplex_staircase_pool
Lair:3:   layout_roguey, minmay_lair_oklob_items, grunt_megastairs_2
Lair:4:   layout_loops_ring, pond, grunt_megastairs_3, serial_bayou_shore_a
Lair:5:   layout_cave_shapes, serial_forest, infiniplex_forest_clump_C,
          infiniplex_forest_straight_2, infiniplex_forest_lined_room_,
          infiniplex_forest_fountain, infiniplex_forest_zigzag_1,
          infiniplex_forest_clump_small, uniq_urug, uniq_rupert, uniq_kirke
Lair:6:   hangedman_lair_in_review, layout_long_grid,
          nicolae_slime_entry_slimehenge, special_room
          [special_room_mythical_zoo], kennysheep_snail_temple, uniq_sonja
Shoals:1: layout_shoals, nicolae_shoals_wave_tunnel
Slime:1:  layout_caves
Depths:1: layout_honeycomb, enter_ziggurat_c, minmay_misc_feat_doors,
          hell_entry, minislime_mu, serial_bayou_shore_b

Skill      XL: |  1  2  3  4  5  6  7  8  9 10 11 12 13 14 15 16 |
---------------+-------------------------------------------------+-----
Unarmed Combat | 3 4 5 6 7 9 11 14 15 17 | 17.5
Armour         | 1 7 10 11 12 13 15 16 | 16.2
Fighting       | 3 5 6 10 11 12 13 | 13.1
Dodging        | 3 |  3.7
Short Blades   | |  0.1
Long Blades    | |  0.1
Axes           | |  0.4
Maces & Flails | |  0.1
Polearms       | |  0.1
Bows           | |  0.1
Throwing       | |  0.1
Shields        | |  2.4
Hexes          | |  0.1
Necromancy     | |  0.1
Translocations | |  0.2
Transmutations | |  0.2
Earth Magic    | |  0.3
Poison Magic   | |  0.1
Invocations    | |  0.1

Action                   |  1- 3 |  4- 6 |  7- 9 | 10-12 | 13-15 | 16-18 || total
-------------------------+-------+-------+-------+-------+-------+-------++-------
Melee: Unarmed           |    80 |   111 |   262 |   558 |  1114 |   204 ||  2329
       Punch             |     1 |     1 |    13 |    34 |    86 |    26 ||   161
       Headbutt          |       |       |    45 |    96 |   127 |       ||   268
  Use: Potion            |       |     1 |     3 |     8 |     8 |     2 ||    22
       Scroll            |       |       |    17 |     2 |    11 |     1 ||    31
 Stab: Petrified         |       |       |       |       |    12 |       ||    12
       Petrifying        |       |       |       |       |     1 |       ||     1
Armor: Robe              |    32 |    31 |    15 |       |       |       ||    78
       Acid dragon scale |       |       |   110 |   213 |    48 |       ||   371
       Gold dragon scale |       |       |       |       |   489 |   128 ||   617
       Skin              |       |       |       |       |    80 |       ||    80
Dodge: Dodged            |    34 |    41 |   118 |   369 |   538 |   117 ||  1217
Block: Kite shield       |     1 |       |       |       |       |       ||     1
       Other             |       |       |       |    66 |   233 |    37 ||   336
       Reflection        |       |       |       |       |    12 |       ||    12

Table legend: (Time is in decaauts)
 A = Elapsed time spent in this place.
 B = Non-inter-level travel time spent in this place.
 C = Inter-level travel time spent in this place.
 D = Time resting spent in this place.
 E = Time spent auto-exploring this place.
 F = Levels seen in this place.
 G = Mean time per level.
                   A        B        C        D        E       F      G
               +--------+--------+--------+--------+--------+-----+--------+
         Total |  22559 |  20720 |   1839 |   1199 |  14521 |  25 |  902.4 |
       Dungeon |  13678 |  12543 |   1135 |    532 |   9192 |  15 |  911.9 |
          Lair |   6532 |   5891 |    641 |    282 |   4270 |   6 | 1088.7 |
        Shoals |   1279 |   1217 |     62 |    155 |    769 |   1 | 1279.0 |
    Slime Pits |     14 |     14 |      0 |      0 |      0 |   1 |   14.0 |
        Depths |    615 |    615 |      0 |    221 |    219 |   1 |  615.0 |
        Bailey |    439 |    439 |      0 |      9 |     71 |   1 |  439.0 |
               +--------+--------+--------+--------+--------+-----+--------+

Top non-repeatable levels by time:
     D:8: 1602 daAuts
  Lair:6: 1568 daAuts
Shoals:1: 1279 daAuts
  Lair:2: 1121 daAuts
    D:10: 1106 daAuts
     D:5: 1104 daAuts
    D:11: 1056 daAuts
    D:15: 1047 daAuts
  Lair:1: 1008 daAuts
  Lair:3: 1008 daAuts
     D:3: 983 daAuts
     D:6: 965 daAuts
  Lair:5: 932 daAuts
     D:4: 921 daAuts
  Lair:4: 892 daAuts
